 Dungeon Crawl Stone Soup version 0.28.0-53-g5a82cb258f (webtiles) character file.

Game seed: 5371136989204328986

3334 Infinimo the Fighter (level 10, -1/113 HPs)
             Began as an Ogre Berserker on June 5, 2022.
             Was a Priest of Trog.
             Slain by a killer bee zombie (4 damage)
             ... on level 8 of the Dungeon.
             The game lasted 00:09:40 (8542 turns).

Infinimo the Fighter (Ogre Berserker)               Turns: 8542, Time: 00:09:41

Health: -1/113     AC:  8    Str: 27    XL:     10   Next: 2%
Magic:  10/10      EV: 10    Int:  8    God:    Trog [***...]
Gold:   255        SH:  0    Dex:  8    Spells: 9/9 levels left

rFire   . . .      SeeInvis .   g - +0 flail
rCold   + . .      Faith    .   (no shield)
rNeg    . . .      Spirit   .   b - +0 animal skin
rPois   .          Reflect  .   (helmet restricted)
rElec   .          Harm     .   f - +0 cloak
rCorr   .          Rampage  .   (gloves unavailable)
Will    +....                   (boots unavailable)
Stlth   +.........              (no amulet)
HPRegen 0.28/turn               h - ring of protection from cold
MPRegen 0.12/turn               p - +4 ring of protection

@: marked, on berserk cooldown, slowed, very slow
A: large, unfitting armour, tough skin 1
a: Renounce Religion, Berserk, Trog's Hand


You were on level 8 of the Dungeon.
You worshipped Trog.
Trog was most pleased with you.
You visited 1 branch of the dungeon, and saw 8 of its levels.

You collected 309 gold pieces.
You spent 54 gold pieces at shops.

Inventory:

Hand Weapons
 g - a +0 flail (weapon)
Missiles
 i - a throwing net (quivered)
Armour
 b - a +0 animal skin (worn)
 f - a +0 cloak (worn)
Jewellery
 h - a ring of protection from cold (left hand)
 p - a +4 ring of protection (right hand)
 s - an amulet of faith
Scrolls
 e - 2 scrolls of teleportation
 m - a scroll of enchant armour {unknown}
 n - a scroll of amnesia
 r - a scroll of identify
Potions
 a - 2 potions of berserk rage {unknown}
 c - 3 potions of invisibility {unknown}
 d - 2 potions of ambrosia
 j - a potion of attraction {unknown}
 k - a potion of degeneration {unknown}
 l - 3 potions of curing {unknown}
 o - a potion of mutation {unknown}
 q - 3 potions of might


   Skills:
 + Level 11.1 Fighting
 * Level 10.8 Maces & Flails
 - Level 2.6 Dodging


You had 9 spell levels left.
You didn't know any spells.
Your spell library was empty.

Dungeon Overview and Level Annotations

Branches:
Dungeon (8/15)             Temple (0/1) D:5
   Lair: D:8-11

Altars:
Elyvilon
The Shining One

Shops:
D:1 [   D:6 [


Innate Abilities, Weirdness & Mutations

You are too large for most types of armour.
You have tough skin. (AC +1)


Message History

The killer bee zombie hits you. x2
The steam dragon breathes steam at you. The ball of steam hits you!!
You hit the killer bee zombie.
The killer bee zombie is severely damaged.
You are engulfed in a cloud of scalding steam.
The killer bee zombie barely misses you.
The killer bee zombie hits you. The steam dragon breathes steam at you.
The ball of steam hits you!!
* * * LOW HITPOINT WARNING * * *
As you read the scroll of teleportation, it crumbles to dust.
You feel strangely unstable. The killer bee zombie hits you.
* * * LOW HITPOINT WARNING * * *
The killer bee zombie hits you but does no damage.
The killer bee zombie closely misses you.
The steam dragon bites you but does no damage.
The steam dragon completely misses you.
Unknown command.
The killer bee zombie misses you.
Items here: ! ( ) / ? [ ††.
Your surroundings suddenly seem different.
The killer bee zombie hits you but does no damage.
The killer bee zombie barely misses you.
The killer bee zombie closely misses you.
The killer bee zombie hits you but does no damage. x2
The killer bee zombie hits you.
* * * LOW HITPOINT WARNING * * *
The killer bee zombie closely misses you.
The killer bee zombie hits you.
* * * LOW HITPOINT WARNING * * *
The killer bee zombie barely misses you.
The killer bee zombie hits you.
* * * LOW HITPOINT WARNING * * *
The killer bee zombie hits you but does no damage.
The killer bee zombie hits you.
* * * LOW HITPOINT WARNING * * *
There is a stone staircase leading up here.
The killer bee zombie hits you.
You die...

#.........#....
#.........# ..#
#.........# ≈≈
#.........# #
#.........#
#.........#
#......D..#
#......Z..#
#####..@###
#...# #...#
#...# #...#
#...# #####


You could see a steam dragon and a killer bee zombie.

Vanquished Creatures
  Harold (D:8)
  Sigmund (D:6)
  3 black bears
  3 ice beasts
  3 sky beasts
  A necrophage (D:6)
  2 ogres
  2 centaurs
  2 phantoms
  4 bullfrogs
  A kobold brigand (D:4)
  A gnoll sergeant (D:4)
  2 howler monkeys
  A jelly (D:7)
  3 hounds
  A gnoll shaman (D:7)
  2 orc priests
  2 centaur skeletons
  3 orc wizards (D:4)
  An iguana (D:4)
  A killer bee zombie (D:7)
  2 hound zombies
  A howler monkey zombie (D:7)
  8 gnolls
  5 adders
  A shadow imp (D:4)
  3 white imps
  An ufetubus (D:4)
  3 worms
  24 orcs
  4 ball pythons
  9 endoplasms
  4 giant cockroaches
  A goblin (D:1)
  6 hobgoblins
  7 jackals
  8 kobolds
  4 quokkas
  5 bats
  8 frilled lizards
  8 rats
152 creatures vanquished.

Vanquished Creatures (others)
  3 plants (D:3)
3 creatures vanquished.

Grand Total: 155 creatures vanquished

Notes
Turn   | Place    | Note
-------+----------+-------------------------------------------
     0 | D:1      | Infinimo the Ogre Berserker began the quest for the Orb.
     0 | D:1      | Reached XP level 1. HP: 24/24 MP: 1/1
   186 | D:1      | Reached XP level 2. HP: 32/32 MP: 2/2
   979 | D:1      | Found Raameis's Armour Boutique.
  1013 | D:2      | Reached XP level 3. HP: 35/40 MP: 3/3
  1086 | D:2      | Reached ** piety under Trog
  1677 | D:2      | Reached XP level 4. HP: 44/49 MP: 4/4
  1738 | D:3      | Found a faded altar of an unknown god.
  1840 | D:3      | Noticed a sky beast
  1859 | D:3      | Killed a sky beast
  1860 | D:3      | Reached skill level 5 in Fighting
  1860 | D:3      | Reached XP level 5. HP: 46/57 MP: 5/5
  1997 | D:3      | Noticed a centaur
  2004 | D:3      | Killed a centaur
  2005 | D:3      | Reached skill level 5 in Maces & Flails
  2005 | D:3      | Reached XP level 6. HP: 67/67 MP: 6/6
  2581 | D:3      | Found a glowing golden altar of the Shining One.
  2696 | D:3      | Reached skill level 6 in Fighting
  3331 | D:4      | Reached XP level 7. HP: 34/76 MP: 7/7
  3704 | D:4      | HP: 3/76 [ufetubus (1)]
  4153 | D:4      | Found a white marble altar of Elyvilon.
  4186 | D:4      | Reached skill level 7 in Fighting
  5103 | D:5      | Entered Level 5 of the Dungeon
  5188 | D:5      | Found a staircase to the Ecumenical Temple.
  5207 | D:5      | Reached *** piety under Trog
  5208 | D:5      | Reached XP level 8. HP: 79/88 MP: 8/8
  5603 | D:5      | Reached skill level 8 in Fighting
  6299 | D:6      | Found Nocuchafu's Armour Shoppe.
  6307 | D:6      | Bought a +0 tower shield for 54 gold pieces
  6409 | D:6      | Reached skill level 9 in Fighting
  6915 | D:6      | Noticed Sigmund
  6924 | D:6      | Killed Sigmund
  6925 | D:6      | Reached XP level 9. HP: 100/100 MP: 9/9
  7460 | D:7      | Reached skill level 10 in Fighting
  8065 | D:7      | Reached skill level 10 in Maces & Flails
  8503 | D:8      | Noticed Harold
  8517 | D:8      | Killed Harold
  8518 | D:8      | Reached skill level 11 in Fighting
  8524 | D:8      | Reached XP level 10. HP: 100/113 MP: 10/10
  8541 | D:8      | HP: 2/113 [killer bee zombie (6)]
  8542 | D:8      | Slain by a killer bee zombie

Illustrated notes

Levels and vault maps discovered:
D:1:      giann_horns, layout_basic, serial_shops, shop
D:2:      layout_rooms, grunt_ministairs_12, minmay_tromino_v7
D:3:      layout_basic, tso_altar, hellmonk_ecumenical_altar_blasted,
          minmay_lizard_king
D:4:      layout_rooms, lemuel_crystal_altar
D:5:      layout_rooms, minmay_temple_entry_glass, kennysheep_generic_room_10
D:6:      layout_basic, serial_shops, nicolae_stop_n_shop_1, uniq_sigmund
D:7:      layout_loops_corners
D:8:      layout_rooms, amcnicky_altar_gilded, chequers_serial_rivers_micro_b,
          amcnicky_mini_corridor_feature, dk_vineyard_2, uniq_harold

Skill      XL: |  1  2  3  4  5  6  7  8  9 |
---------------+----------------------------+-----
Maces & Flails | 3 4 5 6 7 9 10 | 10.8
Fighting       | 5 6 7 9 11 | 11.1
Dodging        | |  2.6

Action                   |  1- 3 |  4- 6 |  7- 9 | 10-12 || total
-------------------------+-------+-------+-------+-------++-------
Melee: Mace              |    90 |   114 |     5 |       ||   209
       Punch             |     1 |     1 |     1 |       ||     3
       Flail             |       |       |   384 |     6 ||   390
Invok: Berserk           |     2 |     5 |     9 |       ||    16
  Use: Scroll            |       |     9 |     3 |     1 ||    13
       Potion            |       |       |     1 |       ||     1
 Stab: Sleeping          |     1 |       |       |       ||     1
Armor: Animal skin       |    21 |    51 |   137 |    11 ||   220
Dodge: Dodged            |    51 |    79 |   178 |    11 ||   319
